AoeStats
← Hitokirivan

Arabia

505436695Analyzed
1v1 RM · 24d ago on Sep 9, 2026· 34m 57s· 2 players
Game mode
Random Map
Map size
Tiny (2 player)
Population
200
Speed
Normal
Resources
Standard
Victory
Conquest
Starting age
Dark Age
Ending age
Imperial Age
RankedLock teamsTeams togetherTeam positionsShared explorationLock speedFull tech treeHidden civsTurbo modeCheats
Victory
Defeat
🇵🇪 Huns · Peru
940
+16
🇦🇷 Maya · Argentina
947
-16
Hitokirivan
5:48 Loom
9:34 Feudal Age
10:05 Double-Bit Axe
18:25 Castle Age
16:35 Gold Mining
16:41 Horse Collar
17:49 Bloodlines
17:33 Fletching
19:59 Bodkin Arrow
20:12 Husbandry
20:37 Bow Saw
21:49 Heavy Plow
22:45 Gold Shaft Mining
24:24 Ballistics
24:52 Padded Archer Armor
27:04 Leather Archer Armor
33:27 Wheelbarrow
32:37 Town Watch
36:05 Imperial Age
35:16 Hand Cart
Jojo
0:44 Loom
9:57 Feudal Age
17:46 Town Watch
21:16 Castle Age
19:25 Gold Mining
20:56 Scale Mail Armor
20:59 Fletching
21:23 Horse Collar
22:42 Crossbowman
23:29 Bodkin Arrow
26:50 Padded Archer Armor
29:56 Wheelbarrow
32:29 Double-Bit Axe
34:20 Ballistics
34:23 Bow Saw
Connection lost

Rejoining the realm…

Still unreachable

The connection could not be restored.

Session expired

The server has moved on; the page needs a fresh start.